 Dungeon Crawl Stone Soup version 0.31-a0-963-ga325b2283a (webtiles) character file.

Game seed: 8392326091937502258

219 dialectric the Covered (level 5, 0/33 HPs)
             Began as a Gargoyle Fighter on Oct 24, 2023.
             Was a Follower of Qazlal.
             Slain by a gnoll
             ... wielding a +0 club
             ... led by a gnoll bouda
              (3 damage)
             ... on level 5 of the Dungeon.
             The game lasted 00:02:26 (2547 turns).

dialectric the Covered (Gargoyle Fighter)           Turns: 2547, Time: 00:02:27

Health: 0/33       AC: 13    Str: 22    XL:     5   Next: 96%
Magic:  5/5        EV:  8    Int:  8    God:    Qazlal [*.....]
Gold:   203        SH:  1    Dex:  9    Spells: 4/4 levels left

rFire   . . .        q - +2 whip (flame)
rCold   . . .        (no shield)
rNeg    + . .        m - +0 chain mail
rPois   ∞            (no helmet)
rElec   +            (no cloak)
rCorr   .            (no gloves)
SInv    .            (no boots)
Will    .....        (no amulet) Stlth
                     (no ring)
HPRegen 0.25/turn    (no ring)
MPRegen 0.09/turn

%: no passive effects
@: weakened
A: sickness immunity, AC +4, negative energy resistance 1, electricity
resistance, torment resistance 1, petrification resistance
a: Renounce Religion


You were on level 5 of the Dungeon.
You worshipped Qazlal.
Qazlal was aware of your devotion.
You visited 1 branch of the dungeon, and saw 5 of its levels.

You collected 203 gold pieces.

Inventory:

Hand Weapons
 a - a +0 flail
 q - a +2 whip of flaming (weapon)
Armour
 b - a +0 scale mail
 c - a +0 buckler
 m - a +0 chain mail (worn)
Talismans
 j - a flux talisman
Scrolls
 d - 2 scrolls of enchant weapon
 e - a scroll of enchant armour {unknown}
 f - 2 scrolls of amnesia {unknown}
 h - a scroll of butterflies {unknown}
 i - a scroll of silence {unknown}
 k - 2 scrolls of identify {unknown}
 l - a scroll of revelation {unknown}
 o - a scroll of noise {unknown}
Potions
 g - 2 potions of curing
 n - a potion of heal wounds {unknown}
 p - 2 potions of resistance {unknown}


   Skills:
 + Level 4.2 Fighting
 + Level 4.0 Maces & Flails
 * Level 4.6 Armour
 + Level 0.7 Dodging
 + Level 3.6 Shields


You had 4 spell levels left.
You didn't know any spells.
Your spell library contained the following spells:

 Spells                   Type           Power      Damage    Failure   Level
 Sting                    Tmut/Pois      0%         1d3       95%         1
 Poisonous Vapours        Pois/Air       0%         N/A       99%         2
 Call Canine Familiar     Summ           0%         N/A       100%        3
 Sigil of Binding         Hex            0%         N/A       100%        3
 Dimensional Bullseye     Hex/Tloc       0%         N/A       100%        4
 Leda's Liquefaction      Hex/Erth       0%         N/A       100%        4
 Olgreb's Toxic Radiance  Pois           0%         N/A       100%        4


Dungeon Overview and Level Annotations

Branches:
Dungeon (5/15)
 Temple: D:4-7

Altars:
Ashenzari
Cheibriados
Hepliaklqana
Qazlal
Sif Muna


Innate Abilities, Weirdness & Mutations

You are immune to sickness and miasma.
Your stone body is resilient. (AC +4)
You are immune to poison.
You resist negative energy. (rN+)
You are resistant to electric shocks. (rElec)
You are resistant to unholy torment.
You are immune to petrification.


Message History

There is a stone staircase leading up here.
Unknown command.
Unknown command.
Unknown command.
It was a potion of curing.
You feel better.
The gnoll bouda hits you but does no damage.
The gnoll closely misses you.
Unknown command.
Found a long copper wand.
Your attacks no longer feel as feeble.
The gnoll bouda attacks as it pursues you!
The gnoll bouda closely misses you.
The gnoll bouda gazes fiercely through you!
You feel your attacks grow feeble.
The gnoll bouda hits you with a +0 club.
The gnoll attacks as it pursues you! The gnoll completely misses you.
The gnoll bouda attacks as it pursues you!
The gnoll bouda hits you with a +0 club!
* * * LOW HITPOINT WARNING * * *
You closely miss the gnoll bouda.
The gnoll bouda is severely wounded.
The gnoll bouda barely misses you.
You hit the gnoll bouda. You burn the gnoll bouda.
The gnoll bouda is almost dead.
The gnoll bouda gazes fiercely through you!
You feel as though you will be weak longer.
The gnoll bouda hits you with a +0 club.
* * * LOW HITPOINT WARNING * * *
You hit the gnoll bouda. You burn the gnoll bouda.
You kill the gnoll bouda!
Qazlal accepts your kill.
You are now surrounded by a storm.
The gnoll is no longer moving quickly.
Your Maces & Flails skill increases to level 4!
Unknown command.
You feel better. The gnoll hits you with a +0 club.
* * * LOW HITPOINT WARNING * * *
You hit the gnoll. You burn the gnoll.
The gnoll is moderately wounded.
The gnoll hits you with a +0 club.
You die...

##.. .... #..#
#..# #..# #./
#.# # # # #@#
.#.# #.##g##...#
###.........###
........<.......
##########...###
..## ##


You could see a gnoll.

Vanquished Creatures
  A gnoll bouda (D:5)
  A sleepcap (D:4)
  An iguana (D:4)
  A gnoll (D:1)
  7 adders
  A worm (D:2)
  3 endoplasms
  2 giant cockroaches
  3 goblins
  4 hobgoblins
  5 jackals
  11 kobolds
  4 quokkas
  4 ball pythons
  6 bats
  A frilled lizard (D:1)
  6 rats
61 creatures vanquished.

Notes
Turn   | Place    | Note
-------+----------+-------------------------------------------
     0 | D:1      | dialectric the Gargoyle Fighter began the quest for the
                  | Orb.
     0 | D:1      | Reached XP level 1. HP: 14/14 MP: 1/1
    39 | D:1      | Reached XP level 2. HP: 5/19 MP: 2/2
   315 | D:1      | Reached XP level 3. HP: 24/24 MP: 3/3
  1118 | D:2      | Found a stormy altar of Qazlal.
  1123 | D:2      | Reached XP level 4. HP: 26/29 MP: 4/4
  1135 | D:2      | Became a worshipper of Qazlal Stormbringer
  1442 | D:3      | Found a shimmering blue altar of Sif Muna.
  1442 | D:3      | Found a snail-covered altar of Cheibriados.
  1534 | D:3      | Found a broken altar of Ashenzari.
  1846 | D:3      | Found a hazy altar of Hepliaklqana.
  1952 | D:3      | Reached XP level 5. HP: 33/33 MP: 5/5
  2538 | D:5      | Entered Level 5 of the Dungeon
  2544 | D:5      | HP: 1/33 [gnoll bouda/+0 club (3)]
  2545 | D:5      | Reached * piety under Qazlal
  2547 | D:5      | Slain by a gnoll

Illustrated notes

Levels and vault maps discovered:
D:1:      ebering_trefoil_3fold, layout_loops_ring
D:2:      layout_basic, basic_altar
D:3:      layout_basic, gammafunk_temple_overflow_elements,
          nicolae_overflow_crystal_walls, nicolae_ashenzari_panopticon,
          serial_forest, infiniplex_forest_clump_small,
          infiniplex_forest_clump_small, infiniplex_forest_pool,
          infiniplex_forest_lined_2, infiniplex_forest_lined_1,
          infiniplex_forest_pool, infiniplex_forest_lined_room_3,
          infiniplex_forest_3_way
D:4:      layout_basic
D:5:      layout_loops_corners, minmay_temple_entry_trees, serial_shops,
          nicolae_inconvenience_store

Skill      XL: |  1  2  3  4  5 |
---------------+----------------+-----
Maces & Flails | 3 4 |  4.0
Armour         | 4 |  4.6
Fighting       | 4 |  4.2
Dodging        | |  0.7
Shields        | |  3.6

Action                     |  1- 3 |  4- 6 || total
---------------------------+-------+-------++-------
  Melee: Flail             |   106 |    72 ||   178
         Punch             |     1 |       ||     1
         Whip              |       |    25 ||    25
    Use: Potion            |     1 |     2 ||     3
         Scroll            |       |     1 ||     1
 Armour: Scale mail        |    90 |    39 ||   129
         Chain mail        |       |    50 ||    50
  Dodge: Dodged            |    74 |    61 ||   135

Table legend: (Time is in decaauts)
 A = Elapsed time spent in this place.
 B = Non-inter-level travel time spent in this place.
 C = Inter-level travel time spent in this place.
 D = Time resting spent in this place.
 E = Time spent auto-exploring this place.
 F = Levels seen in this place.
 G = Mean time per level.
                   A        B        C        D        E       F      G
               +--------+--------+--------+--------+--------+-----+--------+
         Total |   2591 |   2499 |     92 |      0 |   2009 |   5 |  518.2 |
       Dungeon |   2591 |   2499 |     92 |      0 |   2009 |   5 |  518.2 |
               +--------+--------+--------+--------+--------+-----+--------+

Top non-repeatable levels by time:
     D:3: 873 daAuts
     D:1: 772 daAuts
     D:2: 685 daAuts
     D:4: 251 daAuts
     D:5: 8 daAuts
